Map: Hecate LE

Players

MrCleanz - Winner!

  • Race: Terran Terran
  • League: Diamond
  • Spawn Location: 7:00

Subwayeatn

  • Race: Zerg Zerg
  • League: Platinum
  • Spawn Location: 1:00

VOD

Have the link to the VOD?

Description

Time

  • Played on: Nov. 11, 2023, 1:13 p.m.
  • Length: 15:12
Show
View Real Time Build Order
Export as new Build Order

MrCleanz Terran - Winner!

Build Orders: Reaper Expand 

Get SALT Encoding   

  12  0:00  SCV  
  13  0:12  SCV  
  14  0:17  Supply Depot  
  14  0:24  SCV  
  15  0:38  SCV  
  15  0:39  Barracks  
  16  0:44  Refinery  
  16  0:50  SCV  
  17  1:03  SCV  
  18  1:15  SCV  
  19  1:27  Orbital Command  
  19  1:28  Reaper  
  20  1:41  Command Center  
  20  1:47  Supply Depot  
  20  1:52  SCV  
  21  2:04  Factory, SCV  
  21  2:07  Marine  
  23  2:15  Refinery  
  23  2:16  SCV  
  24  2:25  Marine  
  24  2:28  SCV  
  26  2:40  SCV  
  27  2:52  SCV  
  27  2:53  Factory Tech Lab  
  27  2:55  Barracks Reactor  
  28  3:03  Starport  
  29  3:05  SCV  
  29  3:09  Orbital Command  
  29  3:14  Bunker  
  29  3:17  SCV  
  29  3:19  Widow Mine  
  32  3:25  Command Center  
  32  3:30  SCV  
  33  3:34  Marine  
  33  3:35  SCV  
  35  3:42  SCV  
  35  3:45  Medivac  
  35  3:47  SCV  
  39  3:54  SCV  
  40  3:57  Marine  
  40  3:58  Marine  
  40  3:59  SCV  
  43  4:05  Refinery  
  43  4:06  SCV  
  43  4:08  Widow Mine  
  46  4:19  Supply Depot x2  
  46  4:21  SCV  
  46  4:25  Starport Reactor  
  46  4:36  Marine x2  
  46  4:37  Siege Tank, SCV x2  
  53  4:39  Supply Depot  
  53  4:46  Engineering Bay  
  53  4:49  Engineering Bay, SCV x2  
  55  4:54  Marine x2  
  55  4:57  Barracks  
  57  5:01  SCV x2  
  57  5:05  Orbital Command  
  59  5:12  Liberator  
  59  5:13  SCV x2  
  66  5:16  Liberator  
  69  5:25  SCV x2  
  69  5:34  SCV  
  70  5:37  SCV x2  
  70  5:39  Marine  
  70  5:40  Widow Mine  
  75  5:44  Widow Mine  
  75  5:45  Barracks Reactor  
  75  5:47  Terran Infantry Weapons Level 1, SCV  
  75  5:48  Terran Infantry Armor Level 1  
  75  5:49  SCV x2  
  80  5:51  Stimpack  
  80  5:57  Marine  
  80  5:59  Supply Depot, SCV, Medivac  
  80  6:00  Supply Depot  
  80  6:01  Supply Depot, SCV  
  85  6:20  Marine  
  85  6:21  SCV x3, Widow Mine x2  
  93  6:28  Marine x2  
  91  6:33  SCV x3  
  91  6:34  Armory  
  91  6:38  Marine  
  90  6:41  Medivac  
  90  6:45  Marine, SCV x3  
  90  6:46  Marine  
  97  6:50  Widow Mine x2  
  101  6:56  Marine  
  101  6:57  SCV x3  
  105  7:01  Medivac  
  105  7:03  Marine  
  105  7:04  Marine  
  96  7:09  SCV x3  
  96  7:11  Medivac  
  96  7:14  Marine  
  102  7:21  Marine, SCV x3  
  102  7:22  Command Center, Marine  
  106  7:25  Missile Turret  
  106  7:26  Missile Turret x2  
  103  7:31  Missile Turret  
  103  7:32  Missile Turret x2, Marine  
  103  7:33  Missile Turret  
  103  7:35  Missile Turret  
  104  7:39  Missile Turret, SCV x2, Widow Mine  
  104  7:40  Missile Turret  
  104  7:43  Refinery  
  108  8:00  Marine  
  109  8:08  Marine, SCV  
  109  8:11  Marine, SCV  
  109  8:12  SCV, Widow Mine x2  
  109  8:17  Marine  
  109  8:18  Medivac x2  
  98  8:20  SCV  
  98  8:23  SCV  
  98  8:24  SCV  
  98  8:25  Supply Depot, Marine  
  98  8:26  Supply Depot x3  
  98  8:29  Marine  
  98  8:32  SCV  
  92  8:35  Marine, SCV  
  92  8:36  SCV  
  92  8:37  Refinery  
  92  8:40  Refinery, Planetary Fortress  
  92  8:43  Marine  
  92  8:44  SCV  
  92  8:46  Marine  
  92  8:47  SCV  
  95  8:48  SCV  
  95  8:49  Viking, Widow Mine x2  
  95  8:50  Viking, Supply Depot  
  95  8:53  Marine  
  95  8:54  Terran Vehicle Weapons Level 1  
  105  8:55  Terran Infantry Armor Level 2  
  105  8:56  Terran Infantry Weapons Level 2  
  105  9:01  Supply Depot, Marine  
  105  9:04  Marine  
  105  9:05  Barracks  
  105  9:08  Supply Depot, SCV x3  
  108  9:11  Barracks, Marine  
  108  9:12  Combat Shield  
  108  9:13  Supply Depot  
  108  9:14  Barracks, Widow Mine x2  
  113  9:19  Marine  
  113  9:21  Viking  
  113  9:22  Marine  
  113  9:23  SCV x2  
  113  9:24  SCV  
  120  9:29  Marine  
  121  9:35  SCV  
  121  9:36  Command Center, SCV  
  121  9:37  Marine  
  124  9:40  Marine  
  124  9:42  Widow Mine  
  124  9:44  SCV, Widow Mine  
  130  9:46  Marine  
  130  9:48  SCV  
  132  9:54  Marine  
  132  9:55  Marine  
  132  9:56  Liberator x2  
  132  9:57  Command Center, SCV x2  
  132  9:58  Marine  
  143  10:00  SCV  
  143  10:04  Marine  
  141  10:19  Marine  
  141  10:20  Marauder, SCV x3  
  150  10:22  Reaper  
  150  10:27  Barracks Reactor  
  148  10:28  Barracks Tech Lab x2  
  148  10:32  SCV  
  141  10:37  SCV  
  141  10:38  SCV  
  141  10:39  Liberator  
  141  10:41  Marauder  
  148  10:44  SCV  
  148  10:46  Factory  
  148  10:47  Factory  
  148  10:49  Factory  
  149  10:53  Marine  
  149  10:54  Marine x3  
  149  10:56  SCV, Widow Mine x2  
  149  10:57  SCV x2  
  160  11:03  Marauder  
  162  11:07  Command Center  
  162  11:09  Marine  
  162  11:10  Marine  
  164  11:11  Marine  
  164  11:12  Marine x3  
  164  11:17  Widow Mine  
  160  11:24  Marauder  
  161  11:27  Marine  
  161  11:28  Marine  
  161  11:29  Marine x2  
  161  11:30  Marine x2  
  149  11:34  Viking x2  
  149  11:35  SCV x3  
  149  11:45  Marine x2  
  149  11:46  Marine  
  144  11:47  Marine x3, SCV, Widow Mine x2  
  144  11:48  Marine, SCV x2  
  155  11:59  SCV  
  155  12:00  Factory Tech Lab  
  155  12:01  Factory Reactor, Factory Tech Lab  
  154  12:03  Marine x3  
  154  12:04  Viking, SCV x2  
  154  12:05  Marine x3  
  154  12:06  Marine  
  157  12:20  Marine  
  157  12:21  Marine x2, Planetary Fortress  
  160  12:23  Marine x3  
  160  12:24  Marine  
  160  12:26  Widow Mine x2  
  160  12:27  Factory Reactor  
  160  12:28  Missile Turret  
  160  12:29  Missile Turret  
  168  12:30  Missile Turret  
  162  12:38  Marine x2  
  162  12:39  Viking, Marine  
  162  12:40  Viking, Marine, SCV x2  
  162  12:41  Marine x3, SCV  
  176  12:48  Widow Mine  
  178  12:56  Marine x2  
  178  12:57  Marine  
  181  12:58  Marine x2  
  181  12:59  Marine x2  
  181  13:01  SCV x2, Widow Mine  
  181  13:02  SCV x2  
  189  13:09  Widow Mine  
  186  13:13  SCV  
  186  13:14  Marine x2  
  186  13:15  Marine  
  186  13:16  Marine x2  
  186  13:17  Marine x2  
  167  13:21  SCV x3  
  167  13:25  SCV, Liberator x2  
  172  13:28  Planetary Fortress  
  172  13:32  Marine x3  
  172  13:33  SCV x3  
  172  13:34  Marine x3  
  177  13:35  Marine  
  177  13:38  SCV  
  177  13:39  Widow Mine x4  
  177  13:40  Widow Mine x3  
  190  13:45  SCV x3  
  193  13:49  Marine  
  193  13:50  Marine x2, SCV  
  193  13:52  Marine x3  
  193  13:54  Marine  
  197  13:57  SCV x2  
  199  14:07  Marine  
  200  14:11  Command Center  
  197  14:37  Marine x5  
  197  14:39  Marine  
  197  14:44  Marine  
Show
View Real Time Build Order
Export as new Build Order

Subwayeatn Zerg 

Build Orders: Hatch First 

Get SALT Encoding   

  12  0:00  Drone  
  13  0:12  Overlord  
  13  0:17  Drone  
  14  0:31  Drone x2  
  16  0:50  Hatchery  
  16  0:54  Drone  
  16  0:57  Drone  
  17  1:03  Drone  
  18  1:05  Extractor  
  17  1:16  Spawning Pool  
  16  1:19  Drone  
  16  1:22  Drone  
  18  1:35  Drone  
  18  1:39  Drone  
  20  1:50  Overlord  
  20  2:05  Queen  
  20  2:06  Queen  
  20  2:07  Zergling x4  
  26  2:14  Drone x2  
  28  2:22  Drone  
  29  2:24  Drone  
  29  2:29  Extractor  
  30  2:47  Queen x2  
  30  2:49  Drone x2, Overlord  
  36  2:57  Metabolic Boost  
  36  3:08  Drone x5  
  41  3:24  Extractor  
  41  3:25  Lair  
  41  3:26  Extractor  
  39  3:33  Drone x5  
  44  3:40  Overlord  
  44  3:45  Overlord  
  44  4:00  Drone x8, Baneling Nest  
  51  4:29  Drone  
  51  4:30  Spire  
  51  4:32  Overlord  
  51  4:35  Drone, Hatchery  
  51  4:36  Drone x3  
  51  4:37  Drone x5  
  59  4:41  Extractor  
  58  4:48  Overseer  
  58  4:50  Queen x2  
  62  4:58  Evolution Chamber  
  62  4:59  Centrifugal Hooks, Evolution Chamber  
  60  5:01  Zergling x2  
  60  5:02  Zergling x2  
  62  5:18  Zergling x2  
  62  5:19  Zergling x10  
  68  5:21  Baneling  
  68  5:22  Baneling x4  
  68  5:23  Baneling  
  68  5:24  Baneling  
  68  5:25  Baneling  
  68  5:26  Zerg Melee Weapons Level 1, Zerg Ground Armor Level 1  
  68  5:35  Overlord  
  68  5:44  Overlord x4  
  68  5:52  Overseer  
  68  5:56  Queen  
  70  6:04  Overlord x2  
  70  6:06  Zerg Flyer Weapons Level 1  
  70  6:17  Drone x3  
  70  6:18  Drone, Spore Crawler x2  
  73  6:20  Drone x5  
  73  6:22  Spore Crawler  
  77  6:25  Drone  
  77  6:26  Spore Crawler x2  
  72  6:39  Zergling x2  
  69  6:40  Zergling x12  
  72  6:47  Mutalisk x3  
  72  7:05  Mutalisk x4  
  72  7:06  Mutalisk  
  81  7:19  Overseer  
  81  7:21  Overseer  
  81  7:25  Zergling x2  
  81  7:26  Zergling x2  
  83  7:30  Drone  
  83  7:32  Drone x7  
  83  7:36  Extractor  
  90  7:37  Extractor  
  90  7:39  Infestation Pit, Queen  
  90  7:41  Queen  
  93  7:47  Baneling  
  93  7:48  Baneling x9  
  92  7:58  Zergling x10  
  94  7:59  Zergling x2  
  94  8:01  Mutalisk  
  88  8:27  Mutalisk  
  88  8:28  Mutalisk x2  
  90  8:35  Hatchery  
  89  8:52  Pneumatized Carapace  
  89  8:55  Zerg Melee Weapons Level 2  
  89  8:59  Drone x3  
  89  9:02  Drone x3  
  95  9:11  Hatchery, Extractor  
  95  9:12  Extractor  
  95  9:15  Drone x2  
  94  9:20  Zerg Flyer Weapons Level 2  
  94  9:36  Zergling x2  
  94  9:37  Zergling x14  
  102  9:39  Baneling  
  102  9:40  Baneling x10  
  102  9:53  Drone  
  102  9:55  Drone x3  
  102  10:16  Mutalisk x5  
  112  10:24  Hive  
  112  10:26  Drone x7  
  119  10:39  Overlord  
  119  10:40  Overlord x4  
  119  10:45  Overseer  
  119  10:47  Overseer  
  119  10:49  Overlord  
  119  10:51  Overlord  
  119  10:52  Overlord  
  119  11:02  Spore Crawler  
  119  11:03  Spine Crawler  
  117  11:05  Spine Crawler  
  117  11:10  Corruptor x4  
  124  11:32  Zergling x6  
  116  11:33  Zergling x10  
  117  11:40  Zergling x2  
  117  11:41  Zergling x18  
  122  11:53  Overseer  
  114  12:12  Mutalisk x4  
  114  12:13  Mutalisk x5  
  122  12:19  Drone x3  
  122  12:20  Queen  
  126  12:31  Ultralisk Cavern  
  110  12:39  Drone x4  
  112  12:53  Zergling x2  
  112  12:54  Zergling x20  
  112  12:56  Queen  
  112  12:57  Baneling  
  112  12:58  Baneling x3  
  123  13:03  Zergling x6  
  102  13:25  Zergling x12  
  102  13:26  Zergling x6  
  111  13:32  Queen  
  113  13:39  Drone x3  
  113  13:40  Drone x3  
  105  13:59  Queen  
  101  14:04  Zergling x6  
  101  14:09  Overlord  
  102  14:10  Ultralisk  
  102  14:11  Ultralisk x3  
  102  14:13  Zergling x2  
  102  14:14  Zergling x4  
  102  14:15  Overlord  
  102  14:16  Overlord x2  
  116  14:34  Zergling x6  
Tags
 
Add a new tag
Caveats
  • Supply blocks, unpowered buildings, or Contaminate may cause inaccurate times.
  • Supply counts are checked every 10 seconds.